 Dungeon Crawl Stone Soup version 0.20-a0-470-gbb038bd (webtiles) character file.

5927 Fhqwhgads the Carver (level 10, -6/129 HPs)
             Began as a Barachian Berserker on Jan 13, 2017.
             Was a Priest of Trog.
             Mangled by a two-headed ogre
             ... wielding a +0 giant club
              (17 damage)
             ... on level 9 of the Dungeon.
             The game lasted 00:24:56 (8878 turns).

Fhqwhgads the Carver (Barachian Berserker)          Turns: 8878, Time: 00:24:57

Health: -6/129     AC: 14    Str: 23    XL:     10   Next: 83%
Magic:  0/19       EV:  8    Int:  6    God:    Trog [***...]
Gold:   559        SH:  0    Dex: 11    Spells: 9/9 levels left

rFire  + . .     SeeInvis +     C - +0 long sword
rCold  . . .     Gourm    .     y - +0 chain mail
rNeg   . . .     Faith    .     (no shield)
rPois  .         Spirit   +     d - +2 helmet {SInv}
rElec  .         Reflect  .     k - +0 cloak
rCorr  .         Harm     .     (no gloves)
MR     .....                    w - +0 pair of boots
Stlth  ..........               t - amulet of guardian spirit
                                l - ring of magical power
                                f - ring of protection from fire

@: berserking, quick
A: swims, slowness 1, strong legs 1
a: Hop, Berserk, Trog's Hand, Burn Spellbooks, Renounce Religion


You were on level 9 of the Dungeon.
You worshipped Trog.
Trog was most pleased with you.
You were not hungry.

You visited 1 branch of the dungeon, and saw 9 of its levels.

You collected 559 gold pieces.

Inventory:

Hand Weapons
 C - a +0 long sword (weapon)
 E - a +1 flail of draining
 H - a +0 morningstar
 U - a +1 short sword of draining
Armour
 b - the cursed +0 hat of Potiwn Poop {rPois rN+ MR- rCorr SInv, unknown}
   (You found it on level 7 of the Dungeon)

   It protects you from poison.
   It protects you from negative energy.
   It affects your resistance to hostile enchantments.
   It lets you see invisible.
   It protects you from acid and corrosion.
   It has a curse placed upon it.
 d - a +2 helmet of see invisible (worn)
 k - a +0 cloak (worn)
 w - a +0 pair of boots (worn)
 y - a +0 chain mail (worn)
Jewellery
 e - an uncursed ring of flight
 f - a ring of protection from fire (left hand)
 g - an uncursed ring of teleportation
 j - an uncursed ring of ice
 l - a ring of magical power (right hand)
 t - an amulet of guardian spirit (around neck)
 u - an uncursed ring of resist corrosion
 z - a cursed ring of teleportation
 S - an uncursed ring of see invisible {unknown}
Wands
 F - a wand of random effects (48/48)
 N - a wand of random effects (13/48)
 O - a wand of confusion (22/48)
 P - a wand of digging (8/24)
Scrolls
 i - 2 scrolls of fog
 D - a scroll of immolation
 J - 2 scrolls of recharging
 Q - a scroll of teleportation
Potions
 h - a potion of degeneration
 n - 3 potions of resistance
 o - a potion of lignification
 q - 2 potions of brilliance {unknown}
 s - a potion of agility {unknown}
 x - a potion of berserk rage {unknown}
 A - 2 potions of mutation {unknown}
 B - a potion of might {unknown}
 G - a potion of beneficial mutation {unknown}
 I - 3 potions of heal wounds {unknown}
 T - a potion of flight {unknown}
Books
 L - a book of Changes

   Spells                             Type                      Level
   a - Beastly Appendage              Transmutation                1
   b - Sticks to Snakes               Transmutation                2
   c - Spider Form                    Transmutation/Poison         3
   d - Ice Form                       Ice/Transmutation            4
   e - Blade Hands                    Transmutation                5
   Trog disapproves of the use of such an item.
Comestibles
 a - 4 meat rations
 c - 2 bread rations
 M - a royal jelly


   Skills:
 + Level 10.5 Fighting
 * Level 14.0 Long Blades
 - Level 2.1 Armour
 - Level 2.0 Dodging


You had 9 spell levels left.
You didn't know any spells.

Dungeon Overview and Level Annotations

Branches:
Dungeon (9/15)             Temple (0/1) D:6
   Lair: D:8-11         Orc: D:9-12

Altars:
Ashenzari
Dithmenos
Kikubaaqudgha
Sif Muna
Uskayaw
Vehumet

Annotations:
D:6 Prince Ribbit


Innate Abilities, Weirdness & Mutations

You can swim through water.
You cover ground slowly.
You can hop short distances.


Message History

The two-headed ogre hits you with a giant club!!
The two-headed ogre hits you with a giant spiked club.
A bullfrog zombie comes into view.
You slash the two-headed ogre!
The two-headed ogre is severely wounded.
The two-headed ogre hits you with a giant club!!
* * * LOW HITPOINT WARNING * * *
The two-headed ogre closely misses you.
You hit the two-headed ogre.
The two-headed ogre is severely wounded.
You hit the two-headed ogre.
The two-headed ogre is almost dead.
You slash the two-headed ogre!
You kill the two-headed ogre!
Trog accepts your kill.
Your Long Blades skill increases to level 14!
The two-headed ogre hits you with a giant club!!
* * * LOW HITPOINT WARNING * * *
The two-headed ogre hits you with a giant spiked club!!
You die...

#### ##..###
##.....####
##..####...#
##..## #####
###..##
##...##
##...##
#..@##
#..O## #...#
....Z# ....#
...# ... ..


You could see a two-headed ogre and a bullfrog zombie.

Vanquished Creatures
  A two-headed ogre (D:9)
  The ghost of vadstart the Fighter, a novice DsGl of Uskayaw (D:6)
  2 hornets (D:8)
  A hippogriff (D:8)
  Sigmund (D:2)
  Eustachio (D:6)
  A hungry ghost (D:8)
  A steam dragon (D:9)
  2 insubstantial wisps (D:8)
  A water moccasin (D:7)
  6 sky beasts
  4 ogres
  3 centaurs
  3 bullfrogs
  A wyvern skeleton (D:8)
  A scorpion (D:8)
  4 killer bees (D:7)
  9 wights
  A howler monkey (D:4)
  2 crimson imps
  A bullfrog zombie (D:5)
  4 hounds
  A bullfrog skeleton (D:4)
  6 orc priests
  A centaur skeleton (D:4)
  2 centaur zombies
  A jelly (D:5)
  11 orc wizards
  3 iguanas
  4 worker ants
  2 hound skeletons
  A worker ant zombie (D:5)
  14 gnolls
  6 adders
  3 shadow imps
  2 oozes
  2 worms
  2 dart slugs
  7 leopard geckos
  44 orcs
  2 ball pythons (D:1)
  15 giant cockroaches
  8 goblins
  8 hobgoblins
  5 jackals
  5 kobolds
  2 quokkas
  A ball python skeleton (D:4)
  6 bats
  3 frilled lizards
  A jackal zombie (D:5)
  A leopard gecko skeleton (D:4)
  A leopard gecko zombie (D:5)
  A quokka skeleton (D:7)
  6 rats
228 creatures vanquished.

Vanquished Creatures (others)
  A phantom (D:8)
1 creature vanquished.

Grand Total: 229 creatures vanquished

Notes
Turn   | Place    | Note
-------+----------+-------------------------------------------
     0 | D:1      | Fhqwhgads the Barachian Berserker began the quest for the Orb.
     0 | D:1      | Reached XP level 1. HP: 18/18 MP: 1/1
   137 | D:1      | Reached XP level 2. HP: 17/24 MP: 2/2
   539 | D:2      | Reached skill level 4 in Long Blades
   558 | D:2      | Reached XP level 3. HP: 25/30 MP: 3/3
   834 | D:2      | Found a shadowy altar of Dithmenos.
   851 | D:2      | Reached ** piety under Trog
   957 | D:2      | Reached XP level 4. HP: 34/37 MP: 4/4
  1055 | D:2      | Noticed Sigmund
  1069 | D:2      | Killed Sigmund
  1069 | D:2      | Reached skill level 6 in Long Blades
  1069 | D:2      | Reached XP level 5. HP: 43/43 MP: 5/5
  1196 | D:3      | Reached XP level 6. HP: 49/50 MP: 6/6
  1224 | D:3      | Reached skill level 5 in Fighting
  2044 | D:4      | Reached skill level 7 in Long Blades
  2055 | D:4      | Reached XP level 7. HP: 43/56 MP: 7/7
  2359 | D:4      | Reached *** piety under Trog
  2635 | D:4      | Found an ancient bone altar of Kikubaaqudgha.
  2794 | D:4      | Reached skill level 8 in Long Blades
  3053 | D:5      | Entered Level 5 of the Dungeon
  3115 | D:5      | Reached XP level 8. HP: 33/65 MP: 8/8
  3300 | D:4      | Reached skill level 9 in Long Blades
  4077 | D:5      | Found a shattered altar of Ashenzari.
  4141 | D:5      | Reached skill level 10 in Long Blades
  4685 | D:6      | Noticed Eustachio
  4744 | D:6      | Killed Eustachio
  4744 | D:6      | Reached XP level 9. HP: 34/74 MP: 9/9
  5061 | D:6      | Found a staircase to the Ecumenical Temple.
  5122 | D:6      | Noticed Prince Ribbit
  5228 | D:6      | Found a radiant altar of Vehumet.
  5309 | D:6      | Noticed vadstart's ghost (novice DsGl)
  5324 | D:6      | Killed vadstart's ghost
  5324 | D:6      | Reached skill level 11 in Long Blades
  5968 | D:7      | Found a deep blue altar of Sif Muna.
  6012 | D:7      | Reached skill level 12 in Long Blades
  6037 | D:7      | Found a hide-covered altar of Uskayaw.
  6437 | D:7      | You fall through a shaft!
  6550 | D:8      | Reached XP level 10. HP: 56/83 MP: 10/10
  6556 | D:8      | Reached **** piety under Trog
  7226 | D:7      | Got a bloodstained hat
  8112 | D:8      | Reached skill level 13 in Long Blades
  8167 | D:8      | Received a gift from Trog
  8251 | D:8      | Reached skill level 10 in Fighting
  8533 | D:8      | Paralysed by a hornet for 1 turns
  8545 | D:8      | Paralysed by a hornet for 1 turns
  8863 | D:9      | Noticed a two-headed ogre
  8870 | D:9      | Noticed a two-headed ogre
  8877 | D:9      | Killed a two-headed ogre
  8877 | D:9      | Reached skill level 14 in Long Blades
  8878 | D:9      | Mangled by a two-headed ogre

Vault maps used:
D:1:      dpeg_arrival_orchard
D:2:      minmay_roachtagon, grunt_dithmenos_smoke_and_mirrors, uniq_sigmund
D:3:      grunt_ministairs_7
D:4:      old_standard_altar
D:5:      first_bread, ashenzari_altar_1
D:6:      basic_altar, uniq_eustachio, uniq_prince_ribbit1
D:7:      lemuel_doored_altar, led_sif_pool
D:8:      special_room, hangedman_pestilent_swarm, glass_columns_b,
          corexii_hall_statues_x, hangedman_misty_isle
D:9:      kennysheep_mini, kennysheep_kite_vault

Skill      XL: |  1  2  3  4  5  6  7  8  9 10 |
---------------+-------------------------------+-----
Long Blades    | 4 6 7 8 10 12 14 | 14.0
Fighting       | 4 5 6 7 9 10 | 10.5
Armour         | |  2.1
Dodging        | |  2.0

Action                   |  1- 3 |  4- 6 |  7- 9 | 10-12 || total
-------------------------+-------+-------+-------+-------++-------
Melee: Falchion          |    96 |    95 |       |       ||   191
       Long sword        |       |    57 |   361 |   315 ||   733
       Spear             |       |    34 |   324 |       ||   358
Invok: Berserk           |     1 |     2 |     7 |     7 ||    17
       Trog's Hand       |       |     1 |     4 |     8 ||    13
 Abil: Hop               |       |       |     1 |     3 ||     4
  Use: Scroll            |       |    10 |     5 |     4 ||    19
       Potion            |       |       |       |     7 ||     7
 Stab: Sleeping          |     1 |       |       |       ||     1
  Eat: Chunk             |     2 |     5 |    18 |     2 ||    27
       Fruit             |       |       |     5 |       ||     5
       Bread ration      |       |       |     1 |     4 ||     5
       Royal jelly       |       |       |       |     1 ||     1
       Beef jerky        |       |       |       |     1 ||     1
Armor: Scale mail        |    50 |    20 |       |       ||    70
       Animal skin       |     1 |       |       |       ||     1
       Chain mail        |       |    85 |   429 |   200 ||   714
Dodge: Dodged            |    62 |    90 |   253 |   143 ||   548
       Rpst.: Falchion   |    19 |     9 |       |       ||    28
       Long sword        |       |    14 |    40 |    54 ||   108
